Map: Thunderbird LE

Players

LiquidFluid

  • Race: Zerg Zerg
  • League: Master
  • Spawn Location: 5:00

Frobie - Winner!

  • Race: Terran Terran
  • League: Master
  • Spawn Location: 11:00

VOD

Have the link to the VOD?

Description

Time

  • Played on: Aug. 21, 2019, 4:59 p.m.
  • Length: 11:40
Show
View Real Time Build Order
Export as new Build Order

LiquidFluid Zerg 

Build Orders: Hatch First, Swarm Host 

Get SALT Encoding   

  12  0:01  Drone  
  13  0:13  Overlord  
  13  0:17  Drone  
  14  0:31  Drone x2  
  16  0:49  Hatchery  
  15  0:52  Drone  
  16  0:58  Drone  
  16  1:00  Drone  
  18  1:15  Spawning Pool  
  18  1:17  Drone, Extractor  
  17  1:21  Drone  
  18  1:29  Drone  
  19  1:45  Hatchery  
  18  1:53  Drone  
  19  1:58  Drone  
  20  2:02  Zergling x4  
  22  2:12  Queen  
  24  2:17  Queen  
  26  2:24  Overlord  
  26  2:27  Drone  
  27  2:32  Drone  
  27  2:50  Drone x2  
  29  2:56  Queen  
  29  2:57  Queen  
  33  2:58  Overlord  
  33  3:00  Drone  
  33  3:02  Drone  
  35  3:09  Drone x4  
  39  3:13  Metabolic Boost  
  39  3:17  Drone  
  40  3:24  Drone  
  40  3:25  Drone x3  
  44  3:28  Drone x2  
  44  3:32  Drone x2  
  48  3:34  Drone  
  48  3:37  Drone  
  50  3:43  Overlord  
  50  3:46  Overlord  
  50  4:00  Queen x2  
  54  4:03  Drone x2  
  54  4:08  Spore Crawler  
  55  4:10  Spore Crawler, Hatchery  
  55  4:12  Spore Crawler  
  52  4:22  Overlord  
  52  4:26  Drone x2  
  52  4:27  Evolution Chamber x2, Drone  
  52  4:28  Drone x3  
  55  4:42  Overlord  
  55  4:43  Spore Crawler, Drone x9  
  55  4:45  Extractor  
  62  4:54  Zerg Missile Weapons Level 1  
  62  4:59  Drone  
  64  5:00  Drone x6  
  68  5:08  Overlord  
  68  5:09  Drone x3  
  68  5:12  Extractor  
  70  5:18  Overlord  
  70  5:20  Zerg Melee Weapons Level 1  
  70  5:22  Extractor  
  70  5:23  Drone, Extractor  
  70  5:24  Drone x6  
  75  5:29  Drone x2  
  75  5:35  Overlord  
  77  5:36  Drone x3  
  77  5:37  Lair  
  67  5:58  Drone  
  67  5:59  Drone x13  
  70  6:08  Overlord  
  70  6:10  Drone x5  
  75  6:13  Queen  
  77  6:19  Overlord  
  77  6:25  Spore Crawler  
  76  6:28  Spore Crawler  
  76  6:29  Extractor  
  76  6:31  Drone  
  75  6:33  Drone x3  
  75  6:37  Queen  
  80  6:47  Overlord  
  80  6:51  Spore Crawler  
  79  6:57  Drone x10  
  79  6:58  Drone x4  
  93  7:03  Overlord  
  93  7:04  Queen  
  93  7:06  Zerg Missile Weapons Level 2  
  95  7:12  Roach Warren  
  95  7:13  Infestation Pit  
  93  7:16  Extractor, Drone x2  
  93  7:17  Extractor, Drone  
  93  7:18  Drone x3  
  93  7:22  Spine Crawler  
  96  7:28  Overlord  
  96  7:32  Zergling x2  
  96  7:33  Zergling x16  
  105  7:41  Baneling Nest  
  104  7:50  Queen  
  106  7:56  Roach x7  
  113  8:25  Drone x5  
  113  8:26  Drone x3  
  113  8:34  Ravager x4  
  113  8:37  Zergling x14  
  113  8:38  Centrifical Hooks  
  119  8:44  Nydus Network  
  117  8:50  Overlord x3  
  117  9:09  Overlord  
  117  9:16  Hatchery  
  116  9:21  Swarm Host x6  
  116  9:24  Overlord x7  
  134  9:26  Overseer  
  134  9:30  Overseer  
  134  9:31  Pneumatized Carapace  
  134  9:32  Queen  
  134  9:35  Zergling x16  
  134  9:38  Baneling x14  
  144  9:43  Zerg Ground Armor Level 1  
  137  9:52  Drone x2  
  139  9:53  Spine Crawler, Drone x3  
  139  9:54  Spine Crawler  
  139  9:57  Swarm Host x10  
  167  10:00  Nydus Canal  
  167  10:06  Zergling x4  
  169  10:08  Baneling x16  
  169  10:10  Zergling x6  
  168  10:19  Queen x3  
  152  10:40  Overlord  
  129  10:50  Nydus Canal  
  129  10:52  Queen  
  129  10:54  Queen x2  
  135  11:03  Spire  
  134  11:06  Drone  
  134  11:07  Drone x7  
  134  11:08  Spore Crawler  
  134  11:09  Spore Crawler  
  100  11:35  Extractor  
Show
View Real Time Build Order
Export as new Build Order

Frobie Terran - Winner!

Build Orders: Gas First Reaper Expand, Hellion Opening, Mech 

Get SALT Encoding   

  12  0:00  SCV  
  13  0:14  SCV  
  13  0:17  Supply Depot  
  14  0:26  SCV  
  14  0:28  Refinery  
  15  0:38  SCV  
  16  0:45  Barracks  
  16  0:50  SCV  
  17  1:03  SCV  
  18  1:15  SCV  
  19  1:34  Orbital Command, Reaper  
  20  1:42  Command Center  
  20  1:53  Factory  
  21  2:01  SCV  
  21  2:06  Refinery  
  21  2:11  Barracks Reactor  
  21  2:13  SCV  
  22  2:19  Supply Depot  
  22  2:25  SCV  
  23  2:41  SCV  
  24  2:46  Starport  
  24  2:53  SCV  
  24  2:56  SCV  
  26  3:01  Marine, Hellion x2  
  31  3:09  Orbital Command  
  31  3:11  SCV  
  32  3:22  Hellion x2  
  32  3:23  SCV  
  32  3:24  Starport Tech Lab  
  37  3:29  Fusion Core  
  37  3:35  SCV  
  37  3:36  SCV  
  39  3:47  SCV  
  40  3:48  SCV  
  40  3:49  Hellion  
  40  3:51  Supply Depot  
  40  3:53  Hellion  
  45  4:03  SCV  
  46  4:13  SCV, Supply Depot  
  46  4:15  SCV, Supply Depot  
  48  4:23  Battlecruiser  
  54  4:35  SCV x2, Hellion  
  54  4:37  Hellion  
  54  4:38  Supply Depot  
  60  4:39  Supply Depot  
  60  4:47  SCV x2  
  62  4:59  SCV x2  
  64  5:03  Hellion x2  
  64  5:06  Command Center  
  68  5:11  SCV x2  
  70  5:15  Supply Depot, Barracks Tech Lab  
  70  5:19  Factory  
  70  5:20  Factory  
  69  5:23  SCV  
  69  5:24  Refinery  
  69  5:25  Refinery  
  69  5:28  SCV  
  71  5:30  Supply Depot  
  72  5:35  SCV  
  72  5:43  Hellion x2  
  72  5:45  Barracks Tech Lab  
  72  5:46  Battlecruiser  
  82  5:50  SCV  
  83  6:01  SCV  
  82  6:04  SCV  
  81  6:13  SCV  
  81  6:14  Hellion x2  
  81  6:16  SCV, Armory  
  81  6:17  Armory  
  87  6:20  Orbital Command  
  87  6:25  SCV, Supply Depot  
  88  6:28  SCV  
  89  6:34  Refinery x2  
  89  6:37  SCV  
  89  6:39  Hellion  
  94  6:40  SCV, Hellion  
  94  6:41  Cyclone  
  94  6:44  Cyclone  
  99  6:48  SCV  
  99  6:49  SCV  
  99  6:52  SCV  
  102  6:59  Battlecruiser  
  102  7:00  SCV  
  109  7:01  SCV  
  109  7:05  SCV  
  111  7:09  Command Center  
  111  7:12  SCV  
  111  7:13  Terran Vehicle Weapons Level 1  
  111  7:15  Terran Vehicle And Ship Armor Level 1  
  112  7:24  SCV x2, Factory  
  112  7:28  Factory  
  114  7:30  Engineering Bay  
  114  7:35  SCV  
  115  7:37  Siege Tank  
  115  7:42  Siege Tank  
  115  7:43  SCV x2  
  123  7:47  Supply Depot  
  123  7:48  Supply Depot x2  
  123  7:51  SCV, Supply Depot  
  123  7:52  Infernal Pre-Igniter  
  123  7:57  Hellion  
  124  8:05  Hellion  
  124  8:09  Siege Tank  
  127  8:13  Supply Depot, Weapon Refit  
  127  8:14  Factory Tech Lab, Hellion, Factory Reactor  
  127  8:15  SCV x2  
  131  8:26  Hellion x2  
  130  8:27  SCV  
  130  8:28  SCV  
  132  8:36  Siege Tank x2  
  138  8:42  Hellion  
  138  8:45  SCV x2  
  138  8:46  SCV  
  138  8:47  Hellion  
  145  8:48  Hellion  
  146  8:56  Planetary Fortress  
  146  8:57  SCV, Hellion, Hellbat  
  146  8:58  SCV  
  146  9:01  Refinery  
  146  9:02  Command Center  
  151  9:03  Siege Tank  
  151  9:06  Refinery  
  151  9:08  Hellion  
  164  9:10  Hellion  
  164  9:12  Terran Vehicle Weapons Level 2, Terran Vehicle And Ship Armor Level 2  
  164  9:13  Command Center  
  158  9:19  Supply Depot, Hellion  
  158  9:20  Hellion x2  
  164  9:37  Factory  
  164  9:39  Command Center, Factory  
  164  9:40  Siege Tank, Factory, Hellion  
  167  9:58  Siege Tank x2, Hellion x2  
  177  10:00  Hellion  
  177  10:01  Hellion  
  181  10:11  SCV x3  
  181  10:12  Siege Tank  
  179  10:19  Hellion x2  
  183  10:21  Hellion  
  183  10:29  Refinery  
  183  10:30  Siege Tank x2  
  182  10:42  SCV  
  182  10:44  Siege Tank  
  182  10:47  Factory Tech Lab x3, Refinery  
  182  10:48  Hellion  
  182  10:49  Hellion x2  
  183  10:56  Refinery  
  183  11:02  Siege Tank x2  
  189  11:07  SCV  
  189  11:08  SCV x2  
Tags
 
Add a new tag
Caveats
  • Supply blocks, unpowered buildings, or Contaminate may cause inaccurate times.
  • Supply counts are checked every 10 seconds.